Map: Acropolis LE

Players

Creed - Winner!

  • Race: Terran Terran
  • Spawn Location: 5:00

Mixu

  • Race: Zerg Zerg
  • Spawn Location: 11:00

Event: 2019 WCS Summer

VOD

Have the link to the VOD?

Description

Time

  • Played on: July 12, 2019, 7:19 a.m.
  • Length: 19:10

All games in this series

Show
View Real Time Build Order
Export as new Build Order

Creed Terran - Winner!

Build Orders: Reaper Expand, Hellion Banshee 

Get SALT Encoding   

  12  0:00  SCV  
  13  0:12  SCV  
  14  0:17  Supply Depot  
  14  0:25  SCV  
  15  0:38  SCV  
  15  0:41  Barracks  
  16  0:44  Refinery  
  16  0:50  SCV  
  17  1:03  SCV  
  18  1:15  SCV  
  19  1:27  Orbital Command  
  19  1:28  Reaper  
  20  1:39  Command Center  
  20  1:49  Supply Depot  
  20  1:53  SCV  
  21  2:00  Marine  
  22  2:07  Factory  
  22  2:08  SCV  
  23  2:13  Refinery  
  23  2:20  SCV  
  23  2:22  Barracks Reactor  
  24  2:32  SCV  
  26  2:44  SCV  
  26  2:54  Orbital Command, Starport  
  26  3:03  SCV  
  27  3:07  Barracks Tech Lab  
  27  3:08  Hellion x2  
  31  3:13  Supply Depot  
  31  3:15  SCV  
  32  3:22  SCV  
  33  3:27  SCV  
  33  3:29  Hellion x2  
  38  3:37  SCV  
  38  3:38  Supply Depot  
  38  3:39  Viking, SCV  
  42  3:49  SCV  
  42  3:51  SCV  
  42  3:52  Hellion x2  
  48  4:04  Armory, SCV x2  
  48  4:09  Medivac  
  52  4:17  Command Center  
  52  4:19  Hellion  
  52  4:21  Hellion  
  52  4:23  SCV  
  57  4:25  SCV  
  58  4:33  Supply Depot  
  58  4:35  SCV  
  59  4:44  Hellion  
  61  4:52  SCV  
  62  4:55  Terran Vehicle And Ship Armor Level 1, SCV, Hellion  
  62  4:56  Refinery, Cloaking Field  
  62  4:57  Banshee  
  68  5:00  Refinery  
  68  5:08  Hellion  
  69  5:16  Hellion  
  68  5:29  Barracks Tech Lab, Hellion  
  68  5:33  SCV  
  68  5:35  Factory  
  69  5:36  Factory  
  69  5:38  Hellion  
  69  5:41  Banshee  
  70  5:44  SCV  
  70  5:45  SCV  
  66  5:53  Hellion  
  66  5:56  SCV  
  66  5:57  Hellion  
  66  5:59  Hellion  
  66  6:00  SCV  
  66  6:03  Orbital Command  
  69  6:08  SCV  
  70  6:12  SCV  
  70  6:14  Supply Depot  
  70  6:15  Supply Depot  
  71  6:20  SCV  
  71  6:23  Orbital Command, Hellion x2  
  71  6:24  SCV  
  78  6:32  SCV  
  78  6:34  Mag-Field Accelerator, Cyclone x2, Infernal Pre-Igniter  
  78  6:36  SCV  
  85  6:43  Supply Depot  
  85  6:45  SCV, Supply Depot  
  86  6:49  Supply Depot  
  86  6:54  SCV x2  
  86  6:56  Hellion x2  
  86  6:57  SCV  
  86  6:58  Terran Vehicle And Ship Armor Level 2  
  86  7:00  Starport Reactor  
  93  7:06  SCV  
  94  7:09  Refinery  
  94  7:10  Cyclone x2  
  94  7:12  SCV x2  
  102  7:18  SCV  
  103  7:27  SCV x2  
  105  7:33  SCV  
  105  7:35  Hellion x2  
  110  7:39  SCV x2  
  110  7:42  Cyclone  
  110  7:43  Barracks Reactor  
  115  7:44  Factory  
  115  7:45  SCV, Factory  
  115  7:47  Refinery  
  116  7:51  SCV x2  
  116  7:52  Supply Depot  
  116  7:54  Supply Depot  
  116  7:55  Cyclone  
  116  7:56  Liberator x2  
  116  7:57  SCV  
  122  8:03  SCV x2  
  122  8:05  Engineering Bay  
  124  8:09  SCV  
  125  8:15  SCV  
  125  8:16  SCV  
  125  8:18  Supply Depot  
  125  8:19  Supply Depot x2  
  133  8:21  SCV  
  133  8:22  Cyclone  
  133  8:23  Hellion  
  133  8:25  Hellion  
  141  8:36  Command Center  
  141  8:39  SCV x3, Cyclone  
  147  8:44  Factory Tech Lab  
  147  8:49  Supply Depot  
  147  8:51  Supply Depot  
  139  9:11  Cyclone x2  
  139  9:12  Hellion x3  
  139  9:16  SCV x3  
  151  9:20  Liberator x2  
  151  9:28  SCV x2  
  145  9:31  Cyclone  
  145  9:33  Hellion x2  
  156  9:43  SCV, Cyclone  
  156  9:44  SCV x2  
  154  9:52  Cyclone  
  144  9:53  Hellion x2  
  143  10:01  Hellion x2  
  143  10:03  Liberator x2  
  143  10:04  Terran Vehicle And Ship Armor Level 3  
  143  10:05  Command Center  
  143  10:06  Armory, Sensor Tower  
  153  10:21  Cyclone x2  
  153  10:22  Widow Mine, Hellion x2  
  153  10:24  Planetary Fortress  
  153  10:40  SCV x3  
  150  10:43  Cyclone  
  150  10:44  Hellion x2  
  157  10:53  Cyclone  
  157  10:54  Liberator x2  
  160  10:57  Cyclone  
  160  10:58  Hellion x2  
  160  11:00  Refinery  
  167  11:04  Refinery  
  167  11:10  Hellion x2  
  165  11:15  Cyclone  
  170  11:25  Cyclone  
  170  11:27  SCV x2, Factory  
  170  11:29  Factory  
  170  11:32  Hellion x2  
  166  11:33  Hellion x3  
  166  11:37  Liberator x2  
  164  11:47  Cyclone  
  164  11:54  Cyclone  
  164  11:57  Cyclone  
  169  12:06  Hellion x3  
  172  12:10  Terran Vehicle Weapons Level 1  
  168  12:16  Factory Tech Lab x2  
  168  12:17  Hellion  
  168  12:20  Cyclone  
  160  12:24  Liberator x2  
  160  12:26  Cyclone  
  149  12:54  Planetary Fortress  
  149  12:55  Cyclone x2, Hellion x3  
  149  12:56  Terran Ship Weapons Level 1  
  161  13:05  Cyclone  
  161  13:06  Hellion x2, Cyclone  
  161  13:07  Liberator  
  161  13:09  Liberator, Command Center  
  169  13:14  Refinery  
  169  13:16  Refinery  
  169  13:17  Missile Turret  
  165  13:21  Hellion x2  
  165  13:22  Hellion  
  177  13:27  Hellion, Cyclone x2  
  177  13:28  Hellion  
  180  13:49  Cyclone  
  180  13:50  Hellion x4, Cyclone  
  186  14:01  Cyclone x2  
  189  14:07  Cyclone  
  189  14:15  Liberator x2  
  165  14:41  Starport  
  165  14:42  Fusion Core  
  152  14:48  Cyclone x2  
  152  14:49  Hellion x5  
  152  14:50  Orbital Command, Cyclone  
  171  14:54  Command Center  
  171  14:57  Command Center  
  171  15:05  Terran Vehicle Weapons Level 2  
  171  15:11  Liberator x2  
  171  15:21  Cyclone x2, Hellion x3  
  183  15:24  Terran Ship Weapons Level 2  
  152  15:29  Cyclone x2  
  152  15:31  Hellion x2  
  153  15:52  Cyclone  
  153  15:53  Cyclone x2  
  153  15:54  Liberator x2  
  162  16:03  Cyclone x2  
  162  16:04  Hellion x2  
  166  16:13  Hellion x2  
  174  16:24  Cyclone  
  166  16:26  Orbital Command, Hellion x2, Cyclone x2  
  167  16:36  Cyclone, Hellion x2  
  167  16:37  Liberator x2  
  164  16:49  Cyclone  
  164  16:50  Hellion  
  169  17:04  Hellion x4  
  177  17:10  Starport Tech Lab  
  177  17:14  Cyclone x2  
  181  17:21  Planetary Fortress  
  178  17:28  Liberator  
  178  17:29  Liberator  
  178  17:32  Hellion x3  
  178  17:33  Cyclone x2  
  180  17:40  SCV x4  
  180  17:43  Sensor Tower  
  182  17:45  Advanced Ballistics  
  188  17:52  Cyclone x2  
  188  17:53  SCV  
  192  18:06  Liberator  
  192  18:19  Hellion x3  
  193  18:20  Hellion  
  196  18:32  Cyclone x2  
  199  18:50  Command Center  
  199  18:51  Command Center  
Show
View Real Time Build Order
Export as new Build Order

Mixu Zerg 

Build Orders: Hatch First 

Get SALT Encoding   

  12  0:00  Drone  
  13  0:13  Overlord  
  13  0:17  Drone  
  14  0:31  Drone x2  
  16  0:49  Hatchery  
  15  0:51  Drone  
  15  0:55  Drone  
  17  0:58  Drone  
  18  1:09  Extractor  
  17  1:13  Spawning Pool  
  17  1:16  Drone  
  17  1:20  Drone  
  18  1:28  Drone  
  19  1:39  Drone  
  20  1:53  Overlord  
  20  2:01  Queen x2  
  20  2:02  Zergling x4  
  26  2:10  Metabolic Boost  
  26  2:12  Drone x2  
  28  2:24  Drone x2  
  29  2:35  Zergling x2  
  29  2:36  Drone  
  29  2:37  Queen  
  31  2:43  Overlord  
  33  2:45  Drone  
  34  2:55  Drone  
  34  2:57  Overlord  
  35  3:00  Hatchery  
  34  3:10  Drone x2  
  34  3:11  Drone x3  
  39  3:17  Overlord  
  39  3:18  Drone  
  40  3:28  Drone x2  
  40  3:32  Queen  
  44  3:38  Drone  
  44  3:40  Drone x3  
  48  3:48  Overlord  
  48  3:49  Drone x2  
  48  3:54  Drone  
  51  4:04  Drone, Overlord  
  51  4:05  Baneling Nest  
  51  4:08  Drone  
  52  4:10  Queen  
  52  4:12  Queen  
  52  4:13  Drone x4  
  60  4:17  Drone x2  
  60  4:19  Zergling x6  
  60  4:22  Lair  
  65  4:25  Overlord  
  65  4:29  Zergling x2  
  66  4:32  Zergling x2  
  66  4:34  Zergling x2  
  68  4:41  Zergling x2  
  68  4:42  Zergling x2  
  70  4:48  Spore Crawler  
  70  4:49  Spore Crawler  
  70  4:50  Drone, Spore Crawler  
  70  4:51  Drone x2  
  70  4:52  Drone x2, Queen  
  72  4:53  Queen  
  72  4:55  Drone  
  72  4:56  Overlord  
  72  4:59  Drone x4  
  81  5:05  Overlord  
  81  5:14  Overlord  
  81  5:17  Baneling x3  
  81  5:18  Baneling x3  
  81  5:19  Drone  
  80  5:22  Drone x2  
  80  5:24  Drone x4  
  80  5:25  Drone x2  
  80  5:28  Zergling x4  
  89  5:35  Zergling x2  
  81  5:46  Drone x3  
  81  5:49  Drone x2  
  83  5:55  Drone x4, Queen  
  83  5:56  Queen  
  88  5:58  Zergling x2  
  88  5:59  Evolution Chamber  
  88  6:00  Evolution Chamber  
  88  6:03  Drone  
  88  6:04  Drone  
  88  6:07  Extractor  
  88  6:09  Extractor  
  86  6:17  Hatchery  
  85  6:20  Overlord  
  85  6:23  Drone x4  
  85  6:24  Zerg Melee Weapons Level 1  
  89  6:30  Drone  
  90  6:34  Extractor  
  90  6:35  Extractor  
  90  6:38  Overlord, Roach Warren  
  90  6:39  Queen  
  86  6:41  Overlord  
  86  6:43  Drone x2, Spore Crawler  
  86  6:44  Zergling x6  
  92  6:48  Zergling x2  
  92  6:51  Overseer  
  94  6:54  Spore Crawler  
  94  6:55  Drone x3  
  96  7:06  Zergling x8  
  96  7:07  Drone x5  
  104  7:11  Zerg Missile Weapons Level 1  
  104  7:12  Centrifical Hooks  
  104  7:18  Overlord  
  104  7:21  Queen  
  104  7:22  Glial Reconstitution  
  104  7:23  Roach x4  
  104  7:28  Drone, Overlord  
  113  7:30  Hydralisk Den  
  113  7:31  Infestation Pit  
  113  7:32  Roach x2  
  113  7:34  Drone  
  113  7:36  Extractor  
  115  7:37  Drone, Extractor  
  115  7:40  Drone x4  
  115  7:44  Overlord  
  119  7:46  Roach x3  
  125  7:52  Overlord x2  
  125  7:53  Overlord x3  
  125  7:54  Drone x2  
  127  8:00  Pneumatized Carapace, Overlord  
  127  8:07  Drone x5  
  127  8:08  Drone  
  139  8:13  Roach x3  
  139  8:16  Roach x3  
  145  8:21  Zerg Melee Weapons Level 2  
  145  8:25  Infestor x2  
  149  8:27  Zergling x8  
  149  8:29  Spine Crawler  
  149  8:32  Infestor  
  149  8:33  Zergling x16  
  160  8:42  Roach x2  
  160  8:44  Overlord x2  
  160  8:45  Overlord  
  160  8:46  Hatchery  
  160  8:48  Spine Crawler, Roach x2  
  167  8:51  Drone  
  167  8:52  Drone x2  
  167  8:53  Extractor  
  167  8:54  Overlord  
  168  8:57  Roach  
  168  8:58  Roach  
  168  9:03  Roach x7  
  168  9:06  Roach  
  168  9:07  Roach x2  
  178  9:10  Roach  
  178  9:13  Roach x4  
  181  9:20  Roach x5  
  188  9:26  Roach x2  
  189  9:35  Roach  
  189  9:36  Roach x6  
  191  9:46  Roach x5  
  197  10:02  Drone x3, Hatchery  
  199  10:09  Hive, Zerg Missile Weapons Level 2  
  197  10:19  Ravager x4  
  198  10:28  Drone  
  191  10:33  Roach x9  
  194  10:46  Ravager x5  
  199  10:52  Zergling x2  
  192  11:18  Drone x8  
  192  11:22  Burrow  
  194  11:29  Roach  
  190  11:33  Spire  
  190  11:34  Drone x5, Spore Crawler  
  190  11:38  Queen  
  192  11:40  Drone x3  
  192  11:41  Drone x2  
  182  11:48  Drone x2  
  177  12:01  Roach  
  177  12:02  Roach x2  
  177  12:07  Roach x2  
  187  12:09  Viper x3  
  188  12:21  Roach x5  
  188  12:22  Queen  
  196  12:25  Roach  
  196  12:26  Roach  
  192  12:33  Roach x2  
  182  12:39  Extractor, Roach x2  
  182  12:40  Infestor  
  182  12:42  Queen  
  182  12:43  Hatchery  
  175  12:45  Extractor  
  174  12:52  Infestor  
  174  12:54  Roach x7  
  190  12:59  Hatchery  
  190  13:05  Roach x3  
  193  13:07  Queen x2  
  193  13:12  Roach x2  
  199  13:14  Ravager  
  192  13:29  Roach x7  
  185  13:34  Drone x3  
  184  13:42  Zergling x2, Ravager x2  
  184  13:43  Zergling x6  
  184  13:48  Infestor  
  183  13:51  Roach x4  
  183  13:54  Roach x4  
  168  14:02  Drone x4  
  155  14:07  Greater Spire  
  155  14:08  Roach x2  
  155  14:09  Roach x2  
  157  14:16  Drone x2  
  152  14:23  Roach x3  
  139  14:32  Roach x4  
  139  14:34  Roach  
  139  14:37  Roach  
  139  14:38  Roach x2  
  147  14:44  Roach x3  
  145  14:46  Infestor  
  145  14:48  Queen  
  145  14:51  Roach  
  149  14:58  Roach x2  
  143  15:01  Ravager x6  
  143  15:06  Spore Crawler  
  130  15:09  Roach x3  
  130  15:11  Infestor  
  138  15:15  Roach x3  
  138  15:17  Hatchery  
  138  15:21  Roach x8  
  159  15:28  Roach  
  159  15:29  Roach x4  
  159  15:30  Roach  
  167  15:36  Roach x2  
  165  15:45  Corruptor x2  
  163  15:53  Drone x3  
  163  15:55  Drone x2  
  162  15:57  Drone  
  162  16:00  Drone  
  162  16:02  Drone  
  165  16:05  Corruptor  
  161  16:16  Roach x2  
  152  16:24  Roach x4  
  146  16:30  Roach  
  146  16:31  Roach  
  138  16:34  Roach  
  138  16:39  Roach x2  
  143  16:45  Drone x3  
  143  16:46  Drone x5  
  133  16:48  Roach x3  
  122  17:01  Roach x3  
  115  17:06  Drone x3  
  113  17:09  Roach  
  113  17:10  Roach  
  119  17:16  Roach x2  
  119  17:19  Drone x7  
  124  17:26  Roach  
  126  17:33  Roach x4  
  132  17:43  Drone x5  
  137  17:46  Ravager x4  
  137  17:47  Ravager  
  137  17:48  Ravager  
  137  17:49  Ravager  
  144  17:53  Drone x2  
  144  17:56  Drone  
  147  18:02  Drone x3  
  149  18:06  Roach  
  149  18:08  Drone  
  146  18:15  Roach x3  
  146  18:18  Infestor  
  135  18:21  Infestor  
  133  18:29  Roach x3  
  137  18:36  Roach x3  
  137  18:40  Roach x2  
  145  18:46  Roach x2  
Tags
 
Add a new tag
Caveats
  • Supply blocks, unpowered buildings, or Contaminate may cause inaccurate times.
  • Supply counts are checked every 10 seconds.